 Dungeon Crawl Stone Soup version 0.26-a0-639-g72c4674329 (webtiles) character file.

Game seed: 12788624390051469629

6 Hastur the Charlatan (level 1, -1/16 HPs)
             Began as a Ghoul Artificer on Sept 18, 2020.
             Slain by a gnoll
             ... wielding a +0 spear
              (7 damage)
             ... on level 1 of the Dungeon.
             The game lasted 00:01:26 (365 turns).

Hastur the Charlatan (Ghoul Artificer)               Turns: 365, Time: 00:01:27

Health: -1/16      AC:  3    Str: 15    XL:     1   Next: 90%
Magic:  0/0        EV: 11    Int:  6    God:
Gold:   11         SH:  0    Dex:  9    Spells: 0/0 levels left

rFire    . . .     SeeInvis .   (no weapon)
rCold    + . .     Faith    .   (no shield)
rNeg     + + +     Spirit   .   b - +0 leather armour
rPois    ∞         Reflect  .   (no helmet)
rElec    .         Harm     .   (no cloak)
rCorr    .         Rampage  .   (no gloves)
MR       .....                  (no boots)
Stlth    +.........             (no amulet)
HPRegen  0.00/turn              (no ring)
MPRegen  0.07/turn              (no ring)

@: no status effects
A: rotting body, claws 1, cold resistance 1, negative energy resistance 3,
inhibited regeneration, torment resistance, unbreathing
a: no special abilities


You were on level 1 of the Dungeon.
You visited 1 branch of the dungeon, and saw 1 of its levels.

You collected 11 gold pieces.

Inventory:

Hand Weapons
 a - a +0 club
Armour
 b - a +0 leather armour (worn)
Wands
 d - a wand of enslavement (14)
 e - a wand of random effects (15)
 t - a wand of flame (15)


   Skills:
 + Level 1.4 Fighting
 - Level 1.7 Armour
 - Level 0.8 Dodging
 - Level 1.1 Stealth
 + Level 0.8 Unarmed Combat
 + Level 2.8 Evocations


You couldn't memorise any spells.
You didn't know any spells.
Your spell library was empty.

Dungeon Overview and Level Annotations

Branches:
Dungeon (1/15)

Altars:


Innate Abilities, Weirdness & Mutations

Your body is rotting away.
You thrive by killing the living.
You are immune to poison.
You have sharp fingernails.
Your flesh is cold resistant. (rC+)
You are immune to negative energy. (rN+++)
You do not regenerate when monsters are visible.
You are immune to unholy pain and torment.
You can survive without breathing.


Message History

r - Retreat! s - Stop attacking. g - Guard the area. f - Follow me.
Anything else - Cancel.
Gang up on whom?
Aim: a dart slug Attack!
The dart slug closely misses your leopard gecko.
Your leopard gecko bites the dart slug.
Your leopard gecko bites the dart slug but does no damage.
The dart slug closely misses your leopard gecko.
Your leopard gecko bites the dart slug.
Your leopard gecko bites the dart slug.
The dart slug bites your leopard gecko.
Your leopard gecko bites the dart slug.
The dart slug dies!
The goblin closely misses your leopard gecko.
Your leopard gecko bites the goblin.
The goblin dies!
What are your orders? t - Shout!
Orders for allies: a - Attack new target. r - Retreat! s - Stop attacking. g - Guard the area. f - Follow me.
Anything else - Cancel.
Fall back!
There is an open door here.
You close the door.
You start resting.
Unknown command.
You open the door.
There is an open door here.
A leopard gecko is nearby!
The leopard gecko hisses angrily.
You closely miss the leopard gecko.
The leopard gecko completely misses you.
You scratch the leopard gecko. The leopard gecko closely misses you.
You scratch the leopard gecko.
You kill the leopard gecko!
No target in view!
You see here a leopard gecko corpse.
You open the door.
There is an open door here.
A gnoll comes into view. It is wielding a +0 spear.
The gnoll shouts!
The gnoll hits you with a +0 spear.
You barely miss the gnoll. The gnoll hits you with a +0 spear!
* * * LOW HITPOINT WARNING * * *
The gnoll completely misses you.
There is an open door here.
The gnoll hits you from afar with a +0 spear!
You die...

############.#.#.# ...
#..........#.#.#.#...##
#..........#.#.........
#..........#.###.#...##
#..........#.# .# .#
#..........'.# .#
#..........#.# ..
.####..g.#### #.
#@##....# .# #.#..##.#
.# #.#.###.#.#
#.#........
#########.#....#...
#........†.#.#.#
########..........#...#
#......'..........####..
#.######..........# ##


You could see a gnoll.

Vanquished Creatures
  A leopard gecko (D:1)
  A hobgoblin (D:1)
  A bat (D:1)
3 creatures vanquished.

Vanquished Creatures (collateral kills)
  A dart slug (D:1)
  A goblin (D:1)
2 creatures vanquished.

Grand Total: 5 creatures vanquished

Notes
Turn   | Place    | Note
-------+----------+-------------------------------------------
     0 | D:1      | Hastur the Ghoul Artificer began the quest for the Orb.
     0 | D:1      | Reached XP level 1. HP: 16/16 MP: 0/0
   365 | D:1      | Slain by a gnoll

Illustrated notes

Levels and vault maps discovered:
D:1:      lemuel_arrival_room, layout_basic

Action                   || total
-------------------------++-------
Melee: Unarmed           ||    15
Evoke: Wand              ||     1
Armor: Leather armour    ||     3
Dodge: Dodged            ||     9

Table legend: (Time is in decaauts)
 A = Elapsed time spent in this place.
 B = Non-inter-level travel time spent in this place.
 C = Inter-level travel time spent in this place.
 D = Time resting spent in this place.
 E = Time spent auto-exploring this place.
 F = Levels seen in this place.
 G = Mean time per level.
                   A        B        C        D        E       F      G
               +--------+--------+--------+--------+--------+-----+--------+
         Total |    364 |    364 |      0 |    156 |    133 |   1 |  364.0 |
       Dungeon |    364 |    364 |      0 |    156 |    133 |   1 |  364.0 |
               +--------+--------+--------+--------+--------+-----+--------+

Top non-repeatable levels by time:
     D:1: 364 daAuts
